 Dungeon Crawl Stone Soup version 0.17-a0-744-gaa96792 (webtiles) character file.

22 RobertPalmer the Insei (level 2, 0/24 HPs)
             Began as a Demonspawn Chaos Knight on Apr 21, 2015.
             Succumbed to an adder's poison
             ... on level 2 of the Dungeon.
             The game lasted 00:01:37 (728 turns).

RobertPalmer the Insei (Demonspawn Chaos Knight)     Turns: 728, Time: 00:01:38

Health: 0/24       AC:  6    Str: 12    XL:     2   Next: 68%
Magic:  1/2        EV: 11    Int: 13    God:    Xom [..*...]
Gold:   48         SH:  0    Dex: 12    Spells: 0 memorised, 1 level left

rFire  . . .     SeeInvis .       - Unarmed
rCold  . . .     Clarity  .     a - +3 leather armour
rNeg   . . .     SustAb   .     (no shield)
rPois  .         Gourm    +     (no helmet)
rElec  .         Spirit   +     (no cloak)
rCorr  .         Warding  .     (no gloves)
rMut   .         Stasis   .     (no boots)
MR     .....                    f - amulet of the gourmand (curse) {Gourm, !d}
Stlth  +.........               (no ring)
                                (no ring)

@: lethally poisoned (0 -> -8), not resistant to hostile enchantments, very
unstealthy
A: magic shield
a: Renounce Religion


You were on level 2 of the Dungeon.
You worshipped Xom.
You were a toy of Xom.
You were not hungry.

You visited 1 branch of the dungeon, and saw 2 of its levels.

You collected 48 gold pieces.

Inventory:

Armour
 a - a +3 leather armour (worn)
Jewellery
 f - a cursed amulet of the gourmand (around neck) {Gourm, !d}
   (You found it on level 2 of the Dungeon)
Scrolls
 c - 2 scrolls of teleportation
Comestibles
 b - 2 bread rations {@e1}


   Skills:
 - Level 3.0 Fighting
 - Level 1.7 Armour
 - Level 0.8 Dodging
 + Level 3.6 Unarmed Combat


You had one spell level left.
You didn't know any spells.

Dungeon Overview and Level Annotations

Branches:
Dungeon (2/15)

Altars:


Innate Abilities, Weirdness & Mutations

When hurt, damage is shared between your health and your magic reserves.


Message History

You barely miss the kobold. The kobold hits you but does no damage.
You barely miss the kobold. The kobold hits you but does no damage.
You barely miss the kobold. The kobold barely misses you.
You hit the kobold.
You kill the kobold!
The ball python bites you but does no damage.
The ball python grabs you. The ball python constricts you.
You hit the ball python.
You kill the ball python!
No target in view!
No target in view!
Things that are here:
a ball python corpse; a kobold corpse Read which item? (? for menu, Esc to quit)
As you read the scroll labeled YCOFETZACOE, it crumbles to dust.
You feel strangely unstable.
It was a scroll of teleportation.
Read which item? (? for menu, Esc to quit)
As you read the scroll labeled ANUAN SABLAACH, it crumbles to dust.
It is a scroll of recharging.
You aren't carrying any rechargeable items.
Read which item? (? for menu, Esc to quit)
As you read the scroll labeled HUUV VOSURHO, it crumbles to dust.
It is a scroll of enchant armour.
Enchant which item? (? for menu, Esc to quit)
Your +2 leather armour glows green for a moment.
Read which item? (? for menu, Esc to quit)
As you read the scroll labeled NYJ ECATWYQU, it crumbles to dust.
It is a scroll of identify.
Identify which item? (\ to view known items) (? for menu, Esc to quit)
f - a cursed amulet of the gourmand Put on which piece of jewellery? (? for menu, Esc to quit)
Really put on
f - a cursed amulet of the gourmand {Gourm, !d}?
You feel a craving for the dungeon's cuisine.
Oops, that amulet feels deathly cold.
f - a cursed amulet of the gourmand (around neck) {Gourm, !d} Your surroundings suddenly seem different.
Xom thinks this is hilarious!
The adder falls through a shaft!
The shaft crumbles and collapses.
Found a stone staircase leading down.
An adder comes into view.
An adder is nearby!
The adder bites you.
You take 3 damage, and have 21/24 hp.
You closely miss the adder. The adder completely misses you.
You barely miss the adder. The adder bites you.
You are poisoned.
The adder poisons you!
You take 3 damage, and have 18/24 hp.
You hit the adder.
You feel sick. The adder bites you but does no damage.
You take 1 damage, and have 17/24 hp.
You closely miss the adder. The adder bites you.
You take 3 damage, and have 14/24 hp.
You miss the adder.
You feel sick. The adder barely misses you. The adder bites you.
You take 4 damage, and have 10/24 hp.
You now have 1/2 mp.
Unknown command.
You miss the adder. The adder bites you.
You are lethally poisoned!
The adder poisons you!
You take 2 damage, and have 8/24 hp.
You aren't carrying any potions.
You aren't carrying any potions.
You barely miss the adder.
* * * LOW HITPOINT WARNING * * *
You feel sick. The adder misses you.
You take 1 damage, and have 7/24 hp.
You closely miss the adder. The adder bites you but does no damage.
Unknown command.
You closely miss the adder.
* * * LOW HITPOINT WARNING * * *
You feel sick. The adder bites you.
* * * LOW HITPOINT WARNING * * *
The adder barely misses you.
You take 2 damage, and have 5/24 hp.
You closely miss the adder. The adder bites you but does no damage.
Unknown command.
You miss the adder.
* * * LOW HITPOINT WARNING * * *
You feel sick. The adder barely misses you.
You take 1 damage, and have 4/24 hp.
You hit the adder. The adder bites you.
* * * LOW HITPOINT WARNING * * *
You are more poisoned.
The adder poisons you!
You take 2 damage, and have 2/24 hp.
You barely miss the adder.
* * * LOW HITPOINT WARNING * * *
You feel sick. The adder closely misses you.
You take 1 damage, and have 1/24 hp.
You hit the adder but do no damage.
* * * LOW HITPOINT WARNING * * *
You feel sick. The adder bites you but does no damage.
The adder bites you but does no damage.
Unknown command.
You closely miss the adder. The adder closely misses you.
You closely miss the adder.
You die...
Xom chortles!

..##.####.##### #
.....#.....# ...
..##.#.##### .....
#.##.#.# #... #.##.#.#
... ... #.##...# .......
. #.##.##.#.# .......
..#..#.........#
................@###.###
...... .........S# ###
..<..#...........#
...#.#...##.......
.................#
.........##..#....
..................
..................
....#...###. #.#


You could see an adder.

Vanquished Creatures
  A giant gecko (D:1)
  5 bats (D:1)
  2 goblins (D:1)
  5 kobolds
  A ball python (D:2)
  A giant newt (D:2)
  7 rats (D:1)
22 creatures vanquished.

Notes
Turn   | Place    | Note
--------------------------------------------------------------
     0 | D:1      | RobertPalmer, the Demonspawn Chaos Knight, began the quest for the Orb.
     0 | D:1      | Reached XP level 1. HP: 18/18 MP: 1/1
    67 | D:1      | XOM: silly message
   144 | D:1      | Reached skill level 3 in Unarmed Combat
   203 | D:1      | Gained mutation: When hurt, damage is shared between your health and your magic reserves. [demonic ancestry]
   203 | D:1      | Reached XP level 2. HP: 20/24 MP: 2/2
   373 | D:1      | XOM: harmless Summ miscast
   721 | D:2      | HP: 6/24 [poisoned by an adder]
   724 | D:2      | HP: 2/24 [adder (2)]
   728 | D:2      | Succumbed to an adder's poison

Action                   || total
-------------------------++-------
Melee: Unarmed           ||   102
  Use: Scroll            ||     4

Vault maps used:
D:1:      dpeg_arrival_short_road, minmay_liquid_box, minmay_misc_feat_cross

Table legend:
 A = Turns spent in this place as a percentage of turns spent in the entire game.
 B = Non-inter-level travel turns spent in this place as a percentage of non-inter-level travel turns spent in the entire game.
 C = Inter-level travel turns spent in this place as a percentage of turns spent in this place.
 D = Turns resting spent in this place as a percentage of non-inter-level travel turns spent in this place.
 E = Turns spent auto-exploring this place as a percentage of non-inter-level travel turns spent in this place.
 F = Non-inter-level travel turns spent in this place divided by the number of levels of this place that you've seen.
                   A       B       C       D       E      F
               +-------+-------+-------+-------+-------+----------------------
         Total | 100.0 | 100.0 |   0.3 |   2.1 |  10.2 | 142.5
       Dungeon | 100.0 | 100.0 |   0.3 |   2.1 |  10.2 | 142.5
               +-------+-------+-------+-------+-------+----------------------

Table legend:
 A = Kills in this place as a percentage of kills in entire the game.
 B = Kills by you in this place as a percentage of kills by you in the entire game.
 C = Kills by friends in this place as a percentage of kills by friends in the entire game.
 D = Other kills in this place as a percentage of other kills in the entire game.
 E = Experience gained in this place as a percentage of experience gained in the entire game.
 F = Experience gained in this place divided by the number of levels of this place that you have seen.
                   A       B       C       D       E      F
               +-------+-------+-------+-------+-------+----------------------
         Total | 100.0 | 100.0 |  -nan |  -nan | 100.0 |  16.0
       Dungeon | 100.0 | 100.0 |  -nan |  -nan | 100.0 |  16.0
               +-------+-------+-------+-------+-------+----------------------
